Map: Fear and Faith LE

Players

GhostRobo

  • Race: Terran Terran
  • League: Silver
  • Spawn Location: 11:00

A.I. 1 (Elite)

  • Race: Terran Terran
  • Spawn Location: 5:00

VOD

Have the link to the VOD?

Description

Time

  • Played on: July 8, 2026, 2:31 p.m.
  • Length: 21:39
Show
View Real Time Build Order
Export as new Build Order

GhostRobo Terran 

Build Orders: Reaper Expand 

Get SALT Encoding   

  8  0:00  SCV  
  9  0:13  SCV  
  10  0:25  SCV  
  11  0:30  Supply Depot  
  11  0:38  SCV  
  12  0:50  SCV  
  12  0:56  Barracks  
  13  1:03  Refinery  
  13  1:06  SCV  
  14  1:18  SCV  
  15  1:30  SCV  
  16  1:45  Orbital Command  
  16  1:47  Reaper  
  17  2:11  Command Center  
  17  2:15  SCV  
  18  2:23  Marine  
  18  2:25  Supply Depot  
  18  2:28  SCV  
  20  2:40  SCV  
  21  2:48  Barracks Reactor  
  21  2:51  Factory  
  21  2:52  SCV  
  22  3:07  SCV  
  23  3:16  Refinery  
  23  3:19  SCV  
  24  3:25  Orbital Command  
  24  3:26  Supply Depot  
  24  3:27  Marine  
  24  3:28  Marine  
  24  3:31  SCV  
  27  3:43  SCV  
  28  3:53  Factory Tech Lab  
  28  3:55  Starport, SCV  
  29  3:56  Marine x2  
  31  4:04  SCV  
  31  4:07  SCV  
  33  4:13  Siege Tank  
  33  4:14  Marine x2  
  33  4:16  SCV  
  39  4:19  SCV  
  40  4:25  Supply Depot  
  40  4:28  SCV  
  41  4:31  SCV  
  42  4:39  Starport Reactor  
  42  4:40  SCV  
  43  4:45  Barracks  
  43  4:47  Barracks  
  43  4:54  Command Center  
  43  4:56  SCV x2  
  45  5:06  Marine x2  
  47  5:08  Siege Tank, SCV x2  
  52  5:20  Medivac x2, SCV x2  
  58  5:33  Supply Depot x2  
  58  5:36  Refinery  
  58  5:42  Refinery  
  58  5:48  Barracks Tech Lab  
  58  5:54  Marine x2, Barracks Tech Lab, SCV x2, Siege Tank  
  58  5:55  Supply Depot  
  65  6:06  SCV  
  65  6:07  SCV  
  65  6:11  SCV  
  68  6:12  Marine x2  
  70  6:18  Engineering Bay  
  70  6:19  SCV x2, Stimpack, Engineering Bay, Combat Shield  
  70  6:21  Marine x2  
  75  6:30  Marine x2  
  75  6:31  SCV  
  78  6:33  Orbital Command  
  78  6:37  SCV  
  78  6:39  Marine  
  79  6:43  SCV  
  80  6:49  SCV  
  81  6:55  SCV, Orbital Command  
  82  7:01  SCV  
  82  7:06  Terran Infantry Weapons Level 1, Terran Infantry Armor Level 1  
  82  7:07  Marine x2  
  82  7:08  Marine  
  86  7:11  Barracks  
  86  7:13  Barracks  
  86  7:15  SCV x2  
  88  7:17  Barracks  
  88  7:22  SCV  
  89  7:27  SCV x2  
  91  7:34  SCV  
  92  7:39  SCV x2  
  92  7:44  Armory  
  94  7:46  SCV  
  94  7:49  Supply Depot  
  94  7:50  Supply Depot x2  
  95  7:52  Supply Depot  
  95  7:56  Refinery  
  95  7:57  Refinery  
  95  8:11  Marine x4, SCV x3  
  102  8:13  Barracks Reactor x2  
  102  8:14  Barracks Reactor  
  102  8:22  Barracks  
  102  8:23  SCV x3, Barracks  
  105  8:28  Barracks  
  105  8:29  Marine x4  
  105  8:31  Thor  
  115  8:35  SCV x3  
  110  8:46  Marine x4  
  110  8:47  SCV  
  89  8:55  SCV  
  89  8:56  SCV  
  89  8:59  SCV  
  89  9:04  Marine x10  
  89  9:08  SCV x2  
  93  9:14  Thor  
  93  9:16  Command Center  
  93  9:22  Marine x10  
  93  9:23  Marine x3  
  105  9:28  Medivac  
  105  9:30  Medivac  
  109  9:35  SCV x3  
  112  9:40  Marine x4  
  119  9:52  Terran Infantry Weapons Level 2, Terran Infantry Armor Level 2, Supply Depot x2  
  119  9:54  Supply Depot  
  119  9:57  Supply Depot  
  119  9:58  Medivac  
  119  9:59  Barracks Reactor  
  118  10:00  Barracks Reactor x2  
  118  10:01  Marine  
  119  10:14  Marine x7, Thor, SCV x3  
  135  10:15  Medivac  
  135  10:17  Supply Depot  
  135  10:20  Supply Depot  
  137  10:23  Supply Depot  
  137  10:26  SCV x3  
  140  10:28  Medivac  
  142  10:36  Marine x9  
  142  10:37  Marine x7, Command Center  
  142  10:38  SCV x3  
  161  10:45  Medivac  
  163  10:51  Supply Depot  
  163  10:52  Supply Depot  
  163  10:54  Marine  
  163  10:55  Terran Vehicle Weapons Level 1  
  163  10:56  Marine x6, Supply Depot  
  163  10:57  Siege Tank  
  173  10:58  Medivac  
  173  11:02  Marine x3  
  178  11:15  Medivac  
  178  11:18  Planetary Fortress  
  180  11:28  Medivac  
  180  11:29  Siege Tank  
  173  11:37  Marine x9  
  173  11:38  Marine  
  183  11:42  Marine x6  
  183  11:45  Medivac  
  191  11:54  Marine  
  191  11:55  Marine x5  
  191  11:58  Medivac  
  199  12:08  Barracks  
  199  12:10  Barracks  
  199  12:11  Barracks  
  199  12:12  Barracks  
  199  12:13  Starport  
  199  12:14  Factory  
  199  12:17  Barracks  
  199  12:19  Barracks  
  199  12:21  Barracks  
  160  12:52  Barracks  
  160  12:58  Marine x3  
  135  12:59  Marine x2  
  135  13:00  Barracks Tech Lab  
  135  13:01  Barracks Tech Lab x3  
  135  13:04  Factory Tech Lab  
  132  13:06  Starport Reactor  
  132  13:08  Barracks Tech Lab, Barracks Reactor x2  
  132  13:09  Marine  
  132  13:10  Marine x10  
  132  13:11  Thor  
  145  13:13  Medivac x2  
  145  13:16  Marine  
  145  13:17  Marine x4  
  145  13:19  Terran Infantry Weapons Level 3  
  138  13:27  Marine x2  
  138  13:28  Marine x9  
  144  13:34  Marine x3  
  144  13:35  Marine x2  
  149  13:43  Medivac x2, Planetary Fortress  
  149  13:45  Marine x6  
  159  13:54  Thor  
  165  14:00  Thor  
  165  14:02  Medivac x2  
  175  14:03  Marine x17  
  175  14:04  Marine x4, Command Center  
  196  14:13  Medivac x2  
  200  14:25  Terran Infantry Armor Level 3  
  200  14:26  Terran Vehicle Weapons Level 2  
  200  14:57  Command Center  
  200  15:01  Command Center x2  
  200  15:03  Command Center  
  200  15:04  Command Center  
  199  15:08  Command Center  
  199  15:18  Command Center  
  187  15:31  Marine x3  
  187  15:32  Thor x2  
  187  15:34  Medivac x2  
  197  15:55  Planetary Fortress  
  197  16:01  Refinery  
  197  16:04  Refinery  
  197  16:05  Refinery  
  197  16:06  Refinery  
  196  16:17  Orbital Command x3  
  196  16:18  Orbital Command x2  
  196  16:20  Orbital Command  
  196  16:23  Neosteel Armor  
  191  16:54  Planetary Fortress  
  191  17:16  Command Center  
  185  17:53  Terran Vehicle Weapons Level 3  
  185  18:07  Marine x2  
  185  18:08  Thor x2  
  185  18:10  Marine  
  192  18:46  Medivac x4  
  198  18:49  Marine x2  
  191  19:16  Medivac x4  
  199  19:53  Planetary Fortress  
  199  19:54  Refinery  
  199  20:19  Refinery  
  199  20:34  Refinery  
  184  21:11  Barracks Tech Lab  
  184  21:19  Barracks Tech Lab  
Show
View Real Time Build Order
Export as new Build Order

A.I. 1 (Elite) Terran 

Build Orders: Command Center First 

Get SALT Encoding   

  8  0:00  SCV  
  9  0:13  SCV  
  10  0:25  SCV  
  11  0:37  SCV  
  12  0:46  Supply Depot  
  12  0:49  SCV  
  13  1:08  SCV  
  14  1:15  Refinery  
  14  1:20  SCV  
  15  1:32  SCV  
  16  1:38  Command Center  
  16  1:44  SCV  
  17  1:56  SCV  
  18  2:04  Barracks  
  18  2:08  SCV  
  19  2:20  Supply Depot, SCV  
  20  2:52  Barracks  
  20  2:53  Marine  
  20  2:54  Factory  
  21  3:04  Orbital Command  
  21  3:11  Marine  
  22  3:16  SCV  
  23  3:23  Refinery  
  23  3:28  SCV  
  23  3:29  Marine  
  25  3:37  Supply Depot  
  25  3:39  SCV, Marine  
  27  3:49  Orbital Command  
  27  3:52  Marine  
  27  3:55  SCV  
  29  4:00  Marine  
  30  4:07  SCV  
  30  4:10  Marine  
  30  4:14  SCV  
  32  4:18  Marine  
  32  4:19  SCV  
  34  4:27  SCV  
  34  4:28  Marine  
  34  4:31  SCV, Barracks  
  37  4:37  Barracks Tech Lab  
  37  4:39  SCV  
  37  4:43  SCV  
  39  4:47  Starport, Factory Tech Lab, Barracks Tech Lab  
  39  4:51  SCV  
  40  4:55  SCV  
  40  4:56  Marine  
  42  5:03  SCV  
  42  5:05  Marine, Supply Depot  
  44  5:07  SCV  
  44  5:09  Stimpack  
  45  5:14  Marauder  
  45  5:15  SCV  
  45  5:18  Marine  
  49  5:26  SCV  
  49  5:27  Marauder, SCV, Supply Depot  
  53  5:36  Marauder  
  53  5:38  SCV  
  53  5:39  Combat Shield  
  53  5:42  Engineering Bay, SCV  
  57  5:49  Marauder  
  59  5:50  SCV  
  59  5:51  Supply Depot  
  59  5:54  SCV  
  61  5:57  Marauder  
  61  6:03  SCV  
  64  6:07  SCV  
  64  6:08  Terran Infantry Weapons Level 1  
  65  6:13  Marauder  
  65  6:15  SCV, Supply Depot  
  65  6:16  Refinery  
  68  6:19  Marauder, SCV  
  71  6:27  SCV, Refinery  
  71  6:30  Marine  
  71  6:31  SCV  
  74  6:33  Engineering Bay  
  74  6:35  Missile Turret  
  74  6:36  Siege Tank  
  74  6:37  Marauder  
  74  6:39  SCV, Marine, Supply Depot  
  80  6:45  Command Center  
  81  6:48  Barracks Reactor  
  81  6:49  Concussive Shells  
  81  6:52  SCV  
  82  6:59  Terran Infantry Armor Level 1  
  83  7:01  SCV, Marauder  
  83  7:04  SCV  
  83  7:05  Supply Depot  
  88  7:08  Marauder  
  88  7:13  SCV  
  88  7:14  Missile Turret  
  89  7:17  SCV  
  89  7:20  Barracks, Starport Reactor  
  90  7:26  Marine, Siege Tank  
  90  7:29  SCV  
  96  7:30  Marauder, Supply Depot  
  96  7:52  Marine, Marauder  
  96  7:54  Supply Depot  
  96  7:56  Missile Turret, Medivac  
  96  7:57  Medivac, Missile Turret  
  96  7:58  SCV, Siege Tank  
  104  7:59  SCV  
  104  8:01  SCV  
  109  8:10  SCV  
  109  8:11  SCV  
  111  8:13  SCV  
  111  8:17  Supply Depot  
  112  8:22  SCV  
  112  8:23  SCV  
  112  8:25  SCV  
  115  8:28  Missile Turret  
  115  8:30  Siege Tank  
  115  8:31  Missile Turret  
  119  8:34  SCV  
  119  8:35  SCV  
  119  8:37  Marine, SCV  
  119  8:39  Marine  
  119  8:40  Marine  
  104  8:41  Marine  
  104  8:42  Marine  
  104  8:46  SCV  
  104  8:47  SCV  
  97  8:49  SCV  
  97  8:55  Marine  
  97  8:56  Missile Turret  
  97  8:57  Marauder, Marine  
  97  8:58  SCV  
  97  8:59  Marine  
  97  9:00  Marine  
  97  9:01  SCV  
  97  9:02  Orbital Command  
  102  9:03  Siege Tank  
  102  9:07  Armory  
  104  9:13  Marine  
  104  9:16  Marauder  
  104  9:17  Marine  
  103  9:18  Marine, Marauder  
  104  9:30  Medivac, Marine  
  107  9:34  Marine  
  107  9:35  Widow Mine  
  107  9:36  Factory, Marine  
  107  9:37  Marauder  
  113  9:41  Starport, Command Center  
  113  9:44  Armory  
  113  9:46  Marauder  
  113  9:49  Supply Depot  
  113  9:51  Marine  
  116  9:55  Hi-Sec Auto Tracking  
  116  9:56  Siege Tank  
  116  9:57  Terran Infantry Weapons Level 2  
  116  9:59  Marauder  
  121  10:06  Refinery  
  121  10:08  Marauder  
  121  10:09  Refinery  
  121  10:13  Supply Depot  
  123  10:19  Starport Tech Lab, Widow Mine  
  123  10:20  Marauder  
  127  10:26  Marine  
  127  10:27  Marine  
  127  10:28  Marine, Siege Tank  
  133  10:29  Marauder  
  133  10:30  Barracks  
  133  10:34  Terran Vehicle Weapons Level 1  
  135  10:38  Supply Depot  
  135  10:40  Raven  
  135  10:41  Factory Tech Lab, Terran Vehicle And Ship Armor Level 1  
  135  10:42  Marauder  
  139  10:45  Barracks Tech Lab  
  139  10:51  Marauder  
  139  10:52  Neosteel Armor  
  139  10:53  Marine x2  
  143  11:00  Widow Mine  
  143  11:03  Widow Mine, Marine  
  143  11:04  Marauder, Planetary Fortress, Refinery  
  150  11:07  Missile Turret, Command Center  
  150  11:11  Missile Turret, Medivac  
  150  11:13  Missile Turret  
  150  11:14  Missile Turret, Raven  
  150  11:17  Missile Turret, Refinery  
  154  11:19  Supply Depot, Marine  
  154  11:21  Marine  
  154  11:22  Cyclone  
  154  11:25  Cyclone  
  158  11:27  Marine x4  
  141  11:37  Marine  
  141  11:38  Marine  
  140  11:45  Marine x3, Marauder  
  143  11:50  Viking  
  143  11:53  Viking  
  143  11:54  Siege Tank  
  150  11:55  Marine  
  150  11:56  Marine  
  150  11:57  Siege Tank  
  155  12:01  Supply Depot  
  155  12:02  Marine  
  156  12:09  Marine x3, Viking  
  161  12:17  Marine  
  161  12:20  Medivac  
  164  12:23  Medivac, SCV  
  164  12:24  SCV  
  164  12:25  SCV x3  
  164  12:26  Siege Tank  
  164  12:29  Siege Tank  
  168  12:34  Terran Infantry Weapons Level 3  
  168  12:35  Refinery, SCV  
  168  12:37  SCV x3  
  169  12:38  SCV  
  169  12:39  Viking  
  169  12:43  Marauder x3  
  152  12:44  Marine  
  152  12:46  Marine  
  152  12:47  SCV, Marine  
  152  12:49  SCV  
  116  12:53  SCV  
  116  12:55  SCV  
  116  12:58  Siege Tank  
  98  12:59  SCV  
  98  13:00  Viking  
  98  13:01  Siege Tank  
  98  13:02  Marine, SCV  
  98  13:03  SCV  
  98  13:04  Marine x2, Marauder  
  98  13:05  Marine  
  102  13:07  Marine  
  102  13:11  SCV  
  102  13:12  SCV  
  95  13:15  SCV  
  95  13:18  SCV  
  90  13:20  Marine  
  90  13:21  SCV  
  90  13:25  Marine, SCV  
  83  13:27  Marine  
  83  13:28  Marine  
  83  13:30  Marine  
  71  13:35  Marine  
  71  13:36  SCV  
  71  13:38  SCV  
  71  13:39  SCV  
  75  13:41  SCV  
  75  13:42  SCV  
  75  13:43  Marauder  
  75  13:48  SCV, Marauder  
  82  13:50  Marauder  
  82  13:52  SCV  
  82  13:53  SCV  
  82  13:55  SCV  
  87  13:57  SCV  
  87  14:00  SCV  
  89  14:04  Marine, SCV  
  89  14:05  Marauder, SCV  
  89  14:07  SCV  
  95  14:11  Marauder, Marine  
  95  14:12  SCV  
  95  14:14  SCV  
  95  14:16  SCV  
  101  14:18  SCV  
  101  14:20  SCV  
  103  14:24  SCV, Siege Tank  
  103  14:25  Marine  
  103  14:26  Marauder  
  103  14:27  Marine  
  103  14:30  Medivac  
  113  14:32  Marauder, Marine  
  113  14:35  Marine  
  117  14:39  Missile Turret  
  117  14:41  Planetary Fortress  
  117  14:45  Missile Turret  
  117  14:47  Missile Turret, Marauder  
  117  14:48  Siege Tank  
  122  14:54  Marauder  
  122  14:56  Siege Tank  
  122  14:57  Marauder  
  129  15:00  Medivac  
  129  15:03  Medivac, Marine  
  129  15:04  Marine  
  129  15:05  Marine  
  136  15:09  Marauder  
  140  15:14  Terran Infantry Armor Level 2  
  140  15:15  Marine  
  140  15:18  Marine  
  123  15:22  Marine  
  123  15:23  SCV, Marine  
  106  15:30  Marine, Viking, SCV  
  106  15:33  SCV x2  
  106  15:34  SCV, Marauder  
  106  15:35  SCV  
  88  15:36  Marauder  
  88  15:40  Marine, Siege Tank  
  88  15:41  Marine  
  82  15:42  SCV  
  82  15:45  SCV  
  82  15:46  SCV  
  82  15:47  SCV, Marine  
  82  15:48  SCV  
  80  15:54  Marine  
  80  15:55  SCV  
  74  15:57  Marine  
  74  15:58  Marine  
  74  15:59  Marine, SCV  
  58  16:06  Marauder  
  51  16:12  Marine  
  27  16:28  Marine  
  27  16:29  Marine x2, SCV x2  
  27  16:31  Marauder  
  12  17:03  Command Center  
  12  17:25  SCV  
  13  17:30  SCV  
  13  17:33  SCV  
  15  17:37  SCV  
  15  17:41  Marine  
  15  17:44  Marine  
  17  17:51  SCV  
  17  17:54  Marine  
  17  17:56  SCV  
  20  18:02  Marine  
  19  18:08  SCV  
  19  18:11  SCV  
  21  18:17  SCV  
  20  18:20  SCV  
  20  18:25  Supply Depot  
  20  18:36  Command Center  
  12  19:18  Command Center  
  11  19:56  Supply Depot  
  10  20:10  Command Center  
Tags
 
Add a new tag
Caveats
  • Supply blocks, unpowered buildings, or Contaminate may cause inaccurate times.
  • Supply counts are checked every 10 seconds.